 Dungeon Crawl Stone Soup version 0.30.2 (webtiles) character file.

Game seed: 2614238874061093011

37 porpoise the Vexing (level 3, -1/20 HPs)
             Began as a Deep Elf Hexslinger on Jan 27, 2024.
             Slain by Pargi (2 damage)
             ... on level 2 of the Dungeon.
             The game lasted 00:04:24 (1714 turns).

porpoise the Vexing (Deep Elf Hexslinger)           Turns: 1714, Time: 00:04:25

Health: -1/20      AC:  3    Str:  7    XL:     3   Next: 21%
Magic:  8/8        EV: 13    Int: 17    God:
Gold:   142        SH:  0    Dex: 17    Spells: 5/6 levels left

rFire   . . .        a - +1 sling
rCold   . . .        (no shield)
rNeg    . . .        c - +1 robe
rPois   .            (no helmet)
rElec   .            (no cloak)
rCorr   .            (no gloves)
SInv    .            (no boots)
Will    .....        f - amulet of the acrobat
Stlth   ++           (no ring)
HPRegen 0.23/turn    (no ring)
MPRegen 0.11/turn

%: acrobat
@: about to teleport, weak-willed
A: no striking features
a: no special abilities


You were on level 2 of the Dungeon.
You visited 1 branch of the dungeon, and saw 3 of its levels.

You collected 142 gold pieces.

Inventory:

Hand Weapons
 a - a +1 sling (weapon)
 b - a +0 spear
Armour
 c - a +1 robe (worn)
Jewellery
 f - an amulet of the acrobat (around neck)
Wands
 i - a wand of charming (5)
Scrolls
 d - a scroll of poison
 e - a scroll of summoning {unknown}
 h - a scroll of amnesia {unknown}
 m - a scroll of enchant armour
 o - 2 scrolls of vulnerability
Potions
 g - 3 potions of brilliance {unknown}
 j - a potion of lignification
 k - a potion of heal wounds {unknown}


   Skills:
 * Level 1.5 Fighting
 * Level 3.6 Ranged Weapons
 - Level 2.4 Dodging
 + Level 2.1 Spellcasting
 + Level 4.3 Hexes


You had 5 spell levels left.
You knew the following spells:

 Your Spells              Type           Power      Damage    Failure   Level
a - Slow                  Hex            64%        N/A       3%          1

Your spell library contained the following spells:

 Spells                   Type           Power      Damage    Failure   Level
 Inner Flame              Hex/Fire       9%         N/A       24%         3
 Portal Projectile        Hex/Tloc       18%        N/A       24%         3
 Cause Fear               Hex            8%         N/A       32%         4
 Flame Wave               Conj/Fire      1%         2d4       88%         4
 Sticky Flame             Conj/Fire      1%         2d3       88%         4


Dungeon Overview and Level Annotations

Branches:
Dungeon (3/15)

Altars:

Shops:
D:2 :

Annotations:
D:2 Pargi
D:3 Ijyb


Message History

You hear a grinding noise.
You shoot a sling bullet. The sling bullet hits Ijyb.
Ijyb is lightly wounded.
Pargi clenches his claws.
You shoot a sling bullet. The sling bullet hits Pargi.
Pargi is lightly wounded.
Ijyb closely misses you. Ijyb completely misses you.
Ijyb completely misses you. Ijyb hits you with a +0 club.
Ijyb zaps a wand.
Some rock shatters into small pieces.
Found 4 stones.
Pargi attacks as you move away! Pargi completely misses you.
Pargi closely misses you. Pargi claws you.
Found 13 gold pieces.
Pargi misses you. Pargi claws you but does no damage.
Pargi completely misses you.
Ijyb zaps a wand.
You hear a grinding noise.
There is a stone staircase leading up here.
Pargi bites you. Pargi claws you. x2
You climb upwards.
Found 14 gold pieces.
There is a stone staircase leading down here.
As you read the scroll labelled HOICZA EWYGGA, it crumbles to dust.
It is a scroll of enchant armour.
Your +0 robe glows green for a moment.
Pargi barely misses you. Pargi claws you but does no damage.
Pargi barely misses you.
As you read the scroll labelled ITOUSAE FAECAG, it crumbles to dust.
Magic quickly surges around you.
It was a scroll of vulnerability.
Pargi snarls, "My home!
Leave!"
Pargi closely misses you. Pargi claws you. Pargi misses you.
As you read the scroll labelled OCREPLUANORU, it crumbles to dust.
Your body is wracked with pain!
Pargi convulses!
It was a scroll of torment.
Pargi completely misses you. Pargi closely misses you. x2
As you read the scroll labelled QILIS VUGICEZA, it crumbles to dust.
You feel strangely unstable.
It was a scroll of teleportation.
Pargi bites you but does no damage. Pargi claws you but does no damage. x2
Pargi attacks as you move away! Pargi bites you.
* * * LOW HITPOINT WARNING * * *
Pargi claws you.
You die...

..# .#
##...###.#####.#
#### # ##'##
#.......#
#####.#######.####
#........# #.#
#.....$..# #.#
#..#.....# #.#
#.......... ..#
#..:.....######
#@..#...##
#....T.#...#
####.......#
##.....$#
##########.###
.....# #.# ....#
#.# ## #..# #.#
### .####
####..####.####
##.##


You could see Pargi (weak-willed).

Vanquished Creatures
  2 adders (D:2)
  A worm (D:2)
  A bat (D:2)
  An endoplasm (D:1)
  2 giant cockroaches (D:2)
  A hobgoblin (D:1)
  2 ball pythons (D:2)
  3 frilled lizards (D:2)
  2 kobolds
  3 rats
18 creatures vanquished.

Notes
Turn   | Place    | Note
-------+----------+-------------------------------------------
     0 | D:1      | porpoise the Deep Elf Hexslinger began the quest for the
                  | Orb.
     0 | D:1      | Reached XP level 1. HP: 11/11 MP: 5/5
   542 | D:1      | Reached skill level 1 in Fighting
  1158 | D:2      | Reached XP level 2. HP: 16/16 MP: 6/6
  1361 | D:2      | Reached XP level 3. HP: 5/20 MP: 8/8
  1496 | D:2      | Found Aphoav's Book Shop.
  1663 | D:2      | You fall into a shaft and drop 1 floor!
  1693 | D:3      | Noticed Ijyb
  1694 | D:3      | Noticed Pargi
  1714 | D:2      | HP: 1/20 [Pargi (6)]
  1714 | D:2      | Slain by Pargi

Illustrated notes

Levels and vault maps discovered:
D:1:      co_arrival_random_square_maze, layout_loops_corners
D:2:      layout_loops_corners, serial_shops, shop_fountains
D:3:      layout_basic, overflow_temple_1_default, uniq_ijyb, uniq_robin,
          uniq_pargi

Skill      XL: |  1  2 |
---------------+-------+-----
Fighting       | 1 |  1.5
Ranged Weapons | 3 |  3.6
Spellcasting   | 2 |  2.1
Dodging        | |  2.4
Hexes          | |  4.3

Action                     || total
---------------------------++-------
   Fire: Sling             ||    74
   Cast: Slow              ||     5
    Use: Potion            ||     3
         Scroll            ||     4
 Armour: Skin              ||    19
         Robe              ||     9
  Dodge: Dodged            ||    36
